 Dungeon Sprint DCSS version 0.24-a0-250-g6074511092 (webtiles) character file.

Game seed: 2252146566050975335

12 Redear the Shield-Bearer (level 2, 0/25 HPs)
             Began as a Formicid Fighter on Apr 15, 2019.
             Slain by a gnoll (4 damage)
             ... in the Dungeon (Sprint VII: "The Pits").
             The game lasted 00:00:31 (47 turns).

Redear the Shield-Bearer (Formicid Fighter)           Turns: 47, Time: 00:00:32

Health: 0/25       AC:  7    Str: 20    XL:     2   Next: 45%
Magic:  2/2        EV:  9    Int:  7    God:
Gold:   0          SH:  0    Dex: 10    Spells: 1/1 levels left

rFire    . . .     SeeInvis +   a - +0 long sword
rCold    . . .     Gourm    .   (no shield)
rNeg     . . .     Faith    .   b - +0 scale mail
rPois    .         Spirit   .   (helmet unavailable)
rElec    .         Reflect  .   (no cloak)
rCorr    .         Harm     .   (no gloves)
MR       .....                  (no boots)
Stlth    ..........             (no amulet)
HPRegen  0.08/turn              (no ring)
MPRegen  0.08/turn              (no ring)

@: no status effects
A: permanent stasis, dig shafts and tunnels, four strong arms, antennae 3
a: Dig


You were in the Dungeon.
You were not hungry.

You visited 1 branch

Inventory:

Hand Weapons
 a - a +0 long sword (weapon)
Armour
 b - a +0 scale mail (worn)
 c - a +0 shield
Scrolls
 B - a scroll of blinking {@r4}
Potions
 d - a potion of might {Str+5 DMG+1d10 | @q3}
 g - a potion of heal wounds {@q1}
 i - 2 potions of magic
 j - a potion of berserk rage
 H - a potion of haste {@q5}
 Q - a potion of curing {@q2}
Comestibles
 z - a ration


   Skills:
 + Level 4.1 Fighting
 + Level 3.0 Long Blades
 + Level 4.1 Armour
 + Level 4.5 Shields


You had one spell level left.
You didn't know any spells.
Your spell library was empty.

Dungeon Overview and Level Annotations

Branches:
Dungeon (1/1)

Altars:


Innate Abilities, Weirdness & Mutations

You cannot be hasted, slowed, berserked, paralysed or teleported.
You can dig through walls and to a lower floor.
Your four strong arms can wield two-handed weapons with a shield.
You have a pair of large antennae on your head. (SInv)


Message History

You closely miss the giant cockroach. The giant cockroach bites you.
You take 1 damage, and have 9/25 hp.
You slash the giant cockroach!
You kill the giant cockroach!
Your Long Blades skill increases to level 3!
You closely miss the gnoll. The gnoll hits you.
* * * LOW HITPOINT WARNING * * *
You take 4 damage, and have 5/25 hp.
You barely miss the gnoll. The gnoll hits you but does no damage.
The gnoll barely misses you.
You riposte.
You hit the gnoll but do no damage. You closely miss the gnoll.
The gnoll hits you.
* * * LOW HITPOINT WARNING * * *
You take 2 damage, and have 4/25 hp.
Your scale mail prevents you from hitting the gnoll.
The gnoll completely misses you.
You riposte.
You hit the gnoll.
The gnoll is moderately wounded.
You closely miss the gnoll.
The gnoll is moderately wounded.
The gnoll hits you.
You die...

##########++
#+##...........
+.##......#..#.
##########.##...........
#..........†'...........
+#####'#####......#..#.
#.. #.# #...........
#...#.# ####'#####++
#...g@# #.......#
##+#### #.......# {
#.......# { #...<...# {
#.......# { #.......#
#.......# { ######### {


You could see a gnoll.

Vanquished Creatures
  A river rat (D)
  A bat (D)
  A giant cockroach (D)
  A rat (D)
4 creatures vanquished.

Notes
Turn   | Place    | Note
-------+----------+-------------------------------------------
     0 | D        | Redear the Formicid Fighter began the quest for the Orb.
     0 | D        | Reached XP level 1. HP: 18/18 MP: 1/1
    21 | D        | Reached skill level 4 in Fighting
    21 | D        | Reached skill level 4 in Armour
    21 | D        | Reached skill level 4 in Shields
    21 | D        | Reached XP level 2. HP: 8/25 MP: 2/2
    42 | D        | Reached skill level 3 in Long Blades
    47 | D        | Slain by a gnoll

Levels and vault maps discovered:
D:        pitsprint [storerooms_1, entrance_room_1, metal_vault_2, armoury_1,
          mini_pit_1, grid_room_1, main_hall_1, silver_pit, the_coven_3,
          the_vestibule_1, steel_vault_1, golden_pit, hallway_of_sentries,
          crystal_vault_4, iron_vault_2, final_vault]

Skill      XL: |  1  2 |
---------------+-------+-----
Fighting       | 4 |  4.1
Armour         | 4 |  4.1
Shields        | 4 |  4.5
Long Blades    | 3 |  3.0

Action                   || total
-------------------------++-------
Melee: Long sword        ||    22
 Abil: Dig               ||     2
Armor: Scale mail        ||    10
Dodge: Dodged            ||    14
       Rpst.: Long sword ||     6

Table legend:
 A = Non-vault XP
 B = Vault XP
 C = Vault XP percentage of total XP
 D = Non-vault monster count
 E = Vault monster count
 F = Vault count percentage of total count
                 A         B        C        D         E       F
            +---------+---------+-------+---------+---------+-------
      Total |       0 |      18 | 100.0 |       0 |       4 | 100.0
            +---------+---------+-------+---------+---------+-------
          D |       0 |      18 | 100.0 |       0 |       4 | 100.0
            +---------+---------+-------+---------+---------+-------
